AoeStats
← flank steak

Arena

509782565Analyzed
2v2 RM · 5d ago on Sep 28, 2026· 53m 37s· 4 players
Game mode
Random Map
Map size
Medium (4 player)
Population
200
Speed
Normal
Resources
Standard
Victory
Conquest
Starting age
Dark Age
Ending age
Imperial Age
RankedLock teamsTeams togetherTeam positionsShared explorationLock speedFull tech treeHidden civsTurbo modeCheats
Victory
Defeat
🇺🇸 Muisca · United States
850
+17
🇺🇸 Slavs · United States
846
+18
🇲🇽 Persians · Mexico
883
-18
🇲🇽 Byzantines · Mexico
878
-17
Puff_Sullivan
10:52 Feudal Age
14:34 Castle Age
15:55 Double-Bit Axe
16:03 Horse Collar
19:17 Treadmill Crane
20:16 Bow Saw
23:44 Ballistics
24:04 Heavy Plow
23:52 Crossbowman
24:38 Thumb Ring
24:27 Fletching
26:01 Gold Mining
30:10 Imperial Age
31:20 Conscription
31:01 Herbalism
31:41 Bodkin Arrow
32:10 Ballistics
33:25 Chemistry
33:41 Arbalester
34:23 Champi Runner
35:03 Elite Skirmisher
36:19 Bracer
36:20 Padded Archer Armor
37:11 Squires
36:31 Pikeman
36:34 Elite Temple Guard
40:15 Onager
42:55 Siege Onager
44:03 Masonry
43:49 Murder Holes
50:05 Leather Archer Armor
49:51 Scale Mail Armor
50:02 Forging
flank steak
10:55 Feudal Age
9:14 Loom
11:00 Feudal Age
15:41 Castle Age
13:35 Double-Bit Axe
13:38 Horse Collar
18:55 Squires
25:06 Detinets
25:31 Fletching
25:52 Forging
25:44 Scale Mail Armor
31:00 Imperial Age
29:09 Wheelbarrow
28:48 Scale Barding Armor
29:01 Heavy Plow
29:19 Bow Saw
29:53 Gold Mining
30:47 Iron Casting
31:00 Pikeman
32:42 Chain Mail Armor
33:39 Gold Shaft Mining
33:00 Elite Boyar
33:35 Halberdier
34:56 Plate Mail Armor
35:38 Blast Furnace
34:59 Siege Engineers
34:50 Murder Holes
36:38 Two-Man Saw
36:12 Crop Rotation
36:07 Chain Barding Armor
36:17 Ballistics
38:09 Heavy Scorpion
44:05 Druzhina
46:42 Plate Barding Armor
Espartan HS
10:59 Feudal Age
15:34 Castle Age
15:41 Double-Bit Axe
15:58 Horse Collar
18:19 Forging
18:15 Scale Barding Armor
26:15 Wheelbarrow
27:29 Hand Cart
31:21 Imperial Age
30:07 Heavy Plow
30:00 Gold Mining
30:04 Stone Mining
30:20 Husbandry
30:56 Iron Casting
31:15 Loom
32:52 Conscription
32:52 Logistica
32:23 Heavy Camel Rider
33:47 Gold Shaft Mining
35:03 Elite Cataphract
36:18 Chain Barding Armor
36:24 Ballistics
36:34 Gambesons
36:49 Squires
37:33 Arson
37:38 Elite Varangian Guard
38:19 Scale Mail Armor
38:55 Plate Barding Armor
40:21 Chemistry
39:34 Fortified Wall
39:54 Pikeman
41:03 Murder Holes
41:15 Halberdier
43:10 Light Cavalry
danielg090901
8:50 Loom
10:35 Feudal Age
15:11 Castle Age
13:46 Double-Bit Axe
16:21 Wheelbarrow
20:08 Bow Saw
27:04 Bloodlines
29:48 Imperial Age
27:40 Hand Cart
28:00 Fletching
28:12 Padded Archer Armor
28:58 Elite Skirmisher
31:01 Elite War Elephant
32:19 Ballistics
33:10 Bodkin Arrow
34:13 Leather Archer Armor
34:12 Gold Mining
34:14 Stone Mining
40:16 Chemistry
Connection lost

Rejoining the realm…

Still unreachable

The connection could not be restored.

Session expired

The server has moved on; the page needs a fresh start.